 Dungeon Crawl Stone Soup version 0.23.2-33-g5129a83184 (webtiles) character file.

Game seed: 15617698618706327235

394 MalarOregon the Skirmisher (level 6, 0/56 HPs)
             Began as a Ghoul Monk on June 29, 2019.
             Slain by an orc
             ... wielding a +0 trident
              (9 damage)
             ... on level 4 of the Dungeon.
             The game lasted 00:04:14 (3351 turns).

MalarOregon the Skirmisher (Ghoul Monk)             Turns: 3351, Time: 00:04:15

Health: 0/56       AC:  2    Str: 15    XL:     6   Next: 82%
Magic:  5/5        EV: 13    Int:  7    God:
Gold:   274        SH:  0    Dex: 11    Spells: 5/5 levels left

rFire    . . .     SeeInvis .     - Unarmed
rCold    + . .     Gourm    .   (no shield)
rNeg     + + +     Faith    .   a - +0 robe
rPois    ∞         Spirit   .   (no helmet)
rElec    .         Reflect  .   (no cloak)
rCorr    .         Harm     .   (no gloves)
MR       .....                  (no boots)
Stlth    +++.......             (no amulet)
HPRegen  0.00/turn              (no ring)
MPRegen  0.09/turn              (no ring)

@: rotting
A: rotting body, claws 1, carnivore, cold resistance 1, negative energy
resistance 3, inhibited regeneration, torment resistance, unbreathing
a: no special abilities


You were on level 4 of the Dungeon.
You were not hungry.

You visited 1 branch of the dungeon, and saw 4 of its levels.

You collected 274 gold pieces.

Inventory:

Armour
 a - a +0 robe (worn)
Jewellery
 i - an uncursed ring of resist corrosion {unknown}
   (You found it on level 2 of the Dungeon)
 k - an uncursed ring of poison resistance {unknown}
   (You found it on level 1 of the Dungeon)
 q - a cursed ring of teleportation {unknown}
   (You found it on level 2 of the Dungeon)
Wands
 d - a wand of iceblast (15)
   (You found it on level 4 of the Dungeon)
Scrolls
 b - 2 scrolls of remove curse {unknown}
 c - a scroll of enchant armour {unknown}
 h - 4 scrolls of identify {unknown}
 j - a scroll of immolation {unknown}
 l - a scroll of magic mapping {unknown}
 m - 3 scrolls of blinking {unknown}
 r - a scroll of amnesia {unknown}
 s - a scroll of noise {unknown}
 t - 3 scrolls of teleportation {unknown}
Potions
 f - 2 potions of mutation {unknown}
 g - 3 potions of curing {unknown}
 n - 3 potions of haste {unknown}
 o - 2 potions of lignification {unknown}
 p - a potion of might {unknown}
Comestibles
 e - 6 rations {!d}


   Skills:
 + Level 5.0 Fighting
 + Level 4.1 Dodging
 + Level 4.5 Stealth
 + Level 4.9 Unarmed Combat


You had 5 spell levels left.
You didn't know any spells.
Your spell library was empty.

Dungeon Overview and Level Annotations

Branches:
Dungeon (4/15)
 Temple: D:4-7

Altars:

Annotations:
D:3 exclusion: bullfrog


Innate Abilities, Weirdness & Mutations

Your body is rotting away.
You thrive on raw meat.
You are immune to poison.
You have sharp fingernails.
You are carnivorous and can eat meat at any time.
Your flesh is cold resistant. (rC+)
You are immune to negative energy. (rN+++)
You do not regenerate when monsters are visible.
You are immune to unholy pain and torment.
You can survive without breathing.


Message History

You claw the orc priest!
You kill the orc priest!
Your Dodging skill increases to level 4!
The orc hits you from afar with a +0 trident.
You scratch the orc.
The orc hits you from afar with a +0 trident.
The orc closely misses you.
You scratch the orc.
You kill the orc!
The orc barely misses you.
You barely miss the jackal. The jackal bites you. The orc closely misses you.
You claw the jackal!
You kill the jackal!
You scratch the giant cockroach. The orc barely misses you.
The giant cockroach bites you.
You completely miss the giant cockroach.
The orc hits you from afar with a +0 trident.
The giant cockroach completely misses you.
You barely miss the giant cockroach. The giant cockroach barely misses you.
The orc misses you.
You scratch the giant cockroach.
You kill the giant cockroach!
The orc barely misses you.
The bullfrog skeleton barely misses you.
You scratch the bullfrog skeleton.
The bullfrog skeleton closely misses you.
The orc hits you from afar with a +0 trident!
You claw the bullfrog skeleton! The bullfrog skeleton hits you.
You scratch the bullfrog skeleton.
The orc hits you from afar with a +0 trident.
The bullfrog skeleton barely misses you.
You barely miss the bullfrog skeleton. The bullfrog skeleton hits you.
* * * LOW HITPOINT WARNING * * *
The orc closely misses you.
You barely miss the bullfrog skeleton. The bullfrog skeleton hits you.
* * * LOW HITPOINT WARNING * * *
The orc hits you but does no damage.
You claw the bullfrog skeleton! The bullfrog skeleton hits you.
* * * LOW HITPOINT WARNING * * *
The orc barely misses you.
The bullfrog skeleton barely misses you.
You barely miss the bullfrog skeleton. The bullfrog skeleton hits you.
* * * LOW HITPOINT WARNING * * *
The orc hits you from afar with a +0 trident.
* * * LOW HITPOINT WARNING * * *
You claw the bullfrog skeleton!
You destroy the bullfrog skeleton!
Your Fighting skill increases to level 5!
The orc hits you with a +0 trident!
You die...

#.##......##...##.
#.#..#..#..###.##.
#...##...# #..#.
#...##...# #..#)
####### #..#..#..#
#.... #......
##......## ###..
.%... ##....## #..
#$.####'#### ##.
#..@......+ #>
#...$[o######## #.
#...... #. #+#####
##. #.. ###


You could see an orc.

Vanquished Creatures
  2 orc priests
  A bullfrog skeleton (D:4)
  3 orc wizards (D:4)
  A centaur skeleton (D:4)
  13 adders
  2 worms (D:4)
  A leopard gecko (D:3)
  6 orcs
  5 giant cockroaches
  7 goblins
  6 hobgoblins
  7 jackals
  A quokka (D:3)
  7 bats
  6 frilled lizards
  5 kobolds
  4 rats
77 creatures vanquished.

Notes
Turn   | Place    | Note
-------+----------+-------------------------------------------
     0 | D:1      | MalarOregon the Ghoul Monk began the quest for the Orb.
     0 | D:1      | Reached XP level 1. HP: 19/19 MP: 0/0
   401 | D:1      | Reached XP level 2. HP: 23/26 MP: 1/1
   844 | D:2      | Reached XP level 3. HP: 20/33 MP: 2/2
  1202 | D:2      | Found a faded altar of an unknown god.
  1434 | D:2      | Reached XP level 4. HP: 32/40 MP: 3/3
  1752 | D:3      | Reached skill level 4 in Fighting
  2009 | D:3      | Noticed a bullfrog
  2032 | D:3      | Reached XP level 5. HP: 46/46 MP: 4/4
  2681 | D:4      | Reached XP level 6. HP: 20/53 MP: 5/5
  3350 | D:4      | Reached skill level 5 in Fighting
  3351 | D:4      | Slain by an orc

Skill      XL: |  1  2  3  4  5  6 |
---------------+-------------------+-----
Dodging        | 3 4 |  4.1
Stealth        | 3 4 |  4.5
Fighting       | 4 5 |  5.0
Unarmed Combat | 4 |  4.9

Action                   |  1- 3 |  4- 6 || total
-------------------------+-------+-------++-------
Melee: Unarmed           |   124 |   199 ||   323
       Punch             |     1 |     2 ||     3
 Stab: Sleeping          |     2 |     6 ||     8
       Distracted        |     1 |       ||     1
  Eat: Chunk             |     5 |     6 ||    11
Armor: Robe              |    10 |    35 ||    45
Dodge: Dodged            |    83 |   140 ||   223
